 Dungeon Crawl Stone Soup version 0.21.1-1-g345015f (webtiles) character file.

69 wojtek the Chopper (level 4, 0/39 HPs)
             Began as a Minotaur Fighter on June 28, 2018.
             Slain by Sigmund
             ... wielding a +0 scythe
              (5 damage)
             ... on level 2 of the Dungeon.
             The game lasted 00:01:38 (1278 turns).

wojtek the Chopper (Minotaur Fighter)               Turns: 1278, Time: 00:01:38

Health: 0/39       AC:  9    Str: 21    XL:     4   Next: 2%
Magic:  3/3        EV:  7    Int:  5    God:
Gold:   45         SH:  9    Dex: 10    Spells: 3/3 levels left

rFire    . . .     SeeInvis .   a - +0 war axe
rCold    . . .     Gourm    .   c - +0 shield
rNeg     . . .     Faith    .   b - +0 scale mail
rPois    .         Spirit   .   (helmet restricted)
rElec    .         Reflect  .   (no cloak)
rCorr    .         Harm     .   j - +1 pair of gloves
MR       .....                  (no boots)
Stlth    ..........             (no amulet)
HPRegen  0.13/turn              (no ring)
MPRegen  0.08/turn              (no ring)

@: no status effects
A: retaliatory headbutt, horns 2
a: no special abilities


You were on level 2 of the Dungeon.
You were not hungry.

You visited 1 branch of the dungeon, and saw 2 of its levels.

You collected 45 gold pieces.

Inventory:

Hand Weapons
 a - a +0 war axe (weapon)
Missiles
 m - a throwing net (quivered)
Armour
 b - a +0 scale mail (worn)
 c - a +0 shield (worn)
 j - a +1 pair of gloves (worn)
Scrolls
 e - a scroll of remove curse {unknown}
 g - 2 scrolls of identify {unknown}
 i - a scroll of magic mapping {unknown}
 l - a scroll of enchant weapon {unknown}
Potions
 d - a potion of might
 h - a potion of heal wounds {unknown}
Comestibles
 f - 4 rations
 k - 3 chunks of flesh


   Skills:
 - Level 3.6 Fighting
 + Level 5.3 Axes
 - Level 3.6 Armour
 - Level 3.6 Shields


You had 3 spell levels left.
You didn't know any spells.

Dungeon Overview and Level Annotations

Branches:
Dungeon (2/15)

Altars:
Makhleb
Vehumet

Annotations:
D:2 Sigmund


Innate Abilities, Weirdness & Mutations

You reflexively headbutt those who attack you in melee.
You have a pair of horns on your head.


Message History

You're too confused to move!
Something hits you!
You bump into the rock wall.
Something hits you but does no damage.
You bump into the rock wall.
You hear some strange, mumbled words.
A magic dart appears from out of thin air!
The magic dart hits you! Something hits you.
You feel less confused. Something hits you!
* * * LOW HITPOINT WARNING * * *
You miss something.
You hear some strange, mumbled words.
A puff of flame appears from out of thin air!
The puff of flame hits you!
You miss something. Something hits you but does no damage.
You slice something!!
You hear some strange, mumbled words.
Something tries to affect you, but you resist.
You closely miss something. Your headbutt misses something. Something hits you.
You die...

.# ########.#
#........##
#..........
#..........
##.###..........
................
# #...# #.#
##@.# .. #{.#
####.##)#####..
...............
####.##.#######
# #..# #..#
######..##
..........#


There were no monsters in sight!

Vanquished Creatures
  An adder (D:2)
  An ooze (D:2)
  2 dart slugs (D:1)
  A leopard gecko (D:2)
  4 giant cockroaches
  3 goblins (D:1)
  7 hobgoblins
  8 jackals (D:1)
  3 kobolds
  A quokka (D:2)
  A ball python (D:1)
  7 bats
  2 frilled lizards
  5 rats
46 creatures vanquished.

Notes
Turn   | Place    | Note
-------+----------+-------------------------------------------
     0 | D:1      | wojtek the Minotaur Fighter began the quest for the Orb.
     0 | D:1      | Reached XP level 1. HP: 19/19 MP: 0/0
    94 | D:1      | Reached skill level 3 in Axes
   157 | D:1      | Reached XP level 2. HP: 20/26 MP: 1/1
   373 | D:1      | Reached skill level 4 in Axes
   448 | D:1      | Reached XP level 3. HP: 28/31 MP: 2/2
  1091 | D:2      | Reached skill level 5 in Axes
  1199 | D:2      | Found a burning altar of Makhleb.
  1199 | D:2      | Found a radiant altar of Vehumet.
  1253 | D:2      | Noticed Sigmund
  1263 | D:2      | Reached XP level 4. HP: 24/39 MP: 3/3
  1278 | D:2      | Slain by Sigmund

Skill      XL: |  1  2  3 |
---------------+----------+-----
Axes           | 3 4 5 |  5.3
Fighting       | |  3.6
Armour         | |  3.6
Shields        | |  3.6

Action                   |  1- 3 |  4- 6 || total
-------------------------+-------+-------++-------
Melee: War axe           |   118 |     6 ||   124
       Headbutt          |    11 |       ||    11
  Eat: Chunk             |     1 |       ||     1
Armor: Scale mail        |    65 |     5 ||    70
Dodge: Dodged            |    41 |       ||    41
Block: Shield            |    61 |     1 ||    62
